 Dungeon Crawl Stone Soup version 0.17-a0-776-gd86b262 (webtiles) character file.

824559 Hanyuu the Ninja (level 27, 0/199 HPs)
             Began as a Kobold Assassin on Apr 13, 2015.
             Was the Champion of Dithmenos.
             Killed by divine providence
             ... invoked by a daeva
              (13 damage)
             ... on level 1 of the Depths on Apr 24, 2015.
             The game lasted 15:16:38 (128426 turns).

Hanyuu the Ninja (Kobold Assassin)                Turns: 128426, Time: 15:16:40

Health: 0/199      AC: 14    Str: 12 (13) XL:     27
Magic:  36/45      EV: 53    Int:  9      God:    Dithmenos [******]
Gold:   8943       SH: 12    Dex: 34      Spells: 17 memorised, 4 levels left

rFire  + . .     SeeInvis +     a - +9 rapier (elec)
rCold  + + .     Clarity  .     C - +1 robe of the Iron City of Dis {rF+ rC++ Int-3 SInv}
rNeg   + . .     SustAb   .     Z - +3 buckler {AC+3}
rPois  .         Gourm    .     Q - +0 mask of the Dragon {MR+ Slay+3 SInv}
rElec  .         Spirit   .     J - -2 cloak of the Crown {rCorr Stlth+}
rCorr  +         Warding  +     M - +2 pair of fencer's gloves {LBl+4 SBl+4 EV+3 Dex+6}
rMut   .         Stasis   .     L - +2 pair of boots {run}
MR     +++..                    W - amulet "Vikin" {Ward rN+ Dex+6}
Stlth  +++++++++.               I - +5 ring of evasion
                                s - +4 ring of slaying

@: very slightly contaminated, hasted, wreathed by umbra, very quick, extremely
resistant to hostile enchantments, incredibly stealthy
A: horns 1, blurry vision 1, carnivore 3, clumsy 2, deformed body, slow healing
1, strong 1
a: Shadow Step, Shadow Form, Renounce Religion
0: Orb of Zot
}: 4/15 runes: decaying, serpentine, slimy, silver


You were on level 1 of the Depths.
You worshipped Dithmenos.
Dithmenos was exalted by your worship.
You were very full.

You visited 15 branches of the dungeon, and saw 68 of its levels.
You visited the Abyss 1 time.
You also visited: Labyrinth, Sewer, Ossuary, Ice Cave, Volcano and Wizlab.

You collected 13494 gold pieces.
You spent 4551 gold pieces at shops.

Inventory:

Hand weapons
 a - a +9 rapier of electrocution (weapon)
 b - a +4 blowgun
 k - the +4 rapier "Sugelaj" {freeze, rF+}
   (You took it off a deep elf high priest on level 2 of the Depths)

   It has been specially enchanted to freeze those struck by it, causing extra
   injury to most foes and up to half again as much damage against particularly
   susceptible opponents.
   It can also slow down cold-blooded creatures.
   It protects you from fire.
 D - the +6 rapier of Pamounn {freeze, +Inv rN++ MP-9 Int+4}
   (You took it off a deep elf sorcerer on level 3 of the Elven Halls)

   It has been specially enchanted to freeze those struck by it, causing extra
   injury to most foes and up to half again as much damage against particularly
   susceptible opponents.
   It can also slow down cold-blooded creatures.
   It affects your intelligence (+4).
   It greatly protects you from negative energy.
   It affects your magic capacity (-9).
   It lets you turn invisible.
Missiles
 i - 15 curare-tipped needles
 N - 2 throwing nets (quivered)
Armour
 C - the +1 robe of the Iron City of Dis (worn) {rF+ rC++ Int-3 SInv}
   (You found it on level 3 of the Vaults)

   It affects your intelligence (-3).
   It protects you from fire.
   It greatly protects you from cold.
   It enhances your eyesight.
 J - the -2 cloak of the Crown (worn) {rCorr Stlth+}
   (You bought it in a shop on level 1 of the Orcish Mines)

   It protects you from acid and corrosion.
   It makes you more stealthy.
 L - a +2 pair of boots of running (worn)
 M - the +2 pair of fencer's gloves (worn) {LBl+4 SBl+4 EV+3 Dex+6}
   (You acquired it on level 5 of the Realm of Zot)

   It affects your evasion (+3).
   It affects your dexterity (+6).
 Q - the +0 mask of the Dragon (worn) {MR+ Slay+3 SInv}
   (You found it in a labyrinth)

   It affects your accuracy and damage with ranged weapons and melee attacks
   (+3).
   It affects your resistance to hostile enchantments.
   It enhances your eyesight.
 R - a +2 swamp dragon armour
 Z - a +3 buckler of protection (worn)
Jewellery
 e - the ring "Ohasiung" {Int+4 Stlth+}
   (You found it on level 3 of the Crypt)

   [ring of stealth]

   It affects your intelligence (+4).
   It makes you more stealthy.
 f - an uncursed ring of fire
 o - the ring of Immorality {rC- MR+ MP+9 Dex+5}
   (You found it on level 6 of the Pits of Slime)

   [ring of dexterity]

   It affects your dexterity (+5).
   It makes you vulnerable to cold.
   It affects your resistance to hostile enchantments.
   It affects your magic capacity (+9).
 s - a +4 ring of slaying (left hand)
 z - an uncursed ring of stealth
 A - the ring "Fimpapyre" {Wiz rElec}
   (You found it on level 6 of the Pits of Slime)

   [ring of wizardry]

   It improves your spell success rate.
   It insulates you from electricity.
 B - the amulet "Curreiru" {MR+ Regen+}
   (You found it on level 6 of the Pits of Slime)

   [amulet of regeneration]

   It affects your resistance to hostile enchantments.
   It increases your rate of regeneration.
 E - an uncursed ring of protection from fire
 F - the ring of Fedhas's Scorn {SustAb rElec rC+ Dex+2}
   (You took it off a deep elf demonologist on level 3 of the Elven Halls)

   [ring of sustain abilities]

   It sustains your strength, intelligence and dexterity.
   It affects your dexterity (+2).
   It protects you from cold.
   It insulates you from electricity.
 I - a +5 ring of evasion (right hand)
 O - an uncursed amulet of resist mutation
 W - the amulet "Vikin" (around neck) {Ward rN+ Dex+6}
   (You found it on level 5 of the Swamp)

   [amulet of warding]

   It may prevent the melee attacks of summoned creatures.
   It affects your dexterity (+6).
   It protects you from negative energy.
 Y - the ring of False Pretenses {Str+5 Dex+4}
   (You found it on level 5 of the Vaults)

   [ring of dexterity]

   It affects your strength (+5).
   It affects your dexterity (+4).
Magical devices
 q - a wand of teleportation (3)
 t - a wand of disintegration (3)
 w - a wand of heal wounds (1)
Scrolls
 c - 9 scrolls of remove curse
 h - a scroll of blinking
 v - 3 scrolls of holy word
 x - 4 scrolls of teleportation
 y - 4 scrolls of summoning
 P - 7 scrolls of amnesia
 S - 2 scrolls of magic mapping
 U - 24 scrolls of identify
Potions
 d - 3 potions of agility
 j - 9 potions of curing
 l - 4 potions of might
 m - 8 potions of resistance
 n - a potion of ambrosia
 p - a potion of heal wounds
 r - a potion of haste
 u - 3 potions of restore abilities
 K - 13 potions of berserk rage
 T - 7 potions of cancellation
Miscellaneous
 G - a sack of spiders {used: 5}
 V - a stone of tremors (inert)
 X - a fan of gales (inert)
Comestibles
 g - 17 meat rations
 H - 17 beef jerkies


   Skills:
 O Level 27 Fighting
 - Level 16.0(20.0) Short Blades
 - Level 4.0 Throwing
 - Level 20.3 Armour
 O Level 27 Dodging
 O Level 27 Stealth
 - Level 6.0 Shields
 - Level 18.0 Spellcasting
 - Level 14.1 Hexes
 + Level 11.7 Charms
 - Level 4.2 Necromancy
 - Level 13.0 Translocations
   Level 4.0 Ice Magic
 - Level 2.0 Air Magic
 - Level 13.3 Evocations


You had 4 spell levels left.
You knew the following spells:

 Your Spells              Type           Power        Failure   Level  Hunger
a - Summon Butterflies    Summ           #.......     8%          1    None
b - Shroud of Golubria    Chrm/Tloc      ####......   1%          2    None
c - Flight                Chrm/Air       ###.......   1%          3    None
d - Regeneration          Chrm/Necr      ###.......   1%          3    None
e - Mephitic Cloud        Conj/Pois/Air  #.......     17%         3    None
f - Haste                 Chrm           ####....     10%         6    ######.
g - Control Teleport      Chrm/Tloc      ####......   1%          4    ###....
h - Phase Shift           Tloc           ####......   1%          5    #####..
i - Apportation           Tloc           ####......   1%          1    None
j - Invisibility          Hex            ####....     3%          6    ######.
k - Silence               Hex/Air        ###.......   8%          5    #####..
l - Stoneskin             Trmt/Erth      #.......     12%         2    None
m - Blink                 Tloc           N/A          1%          2    None
n - Summon Forest         Summ/Tloc      ###.......   14%         5    #####..
o - Passage of Golubria   Tloc           N/A          1%          4    ###....
p - Slow                  Hex            ####....     1%          2    None
q - Force Lance           Conj/Tloc      ###.....     4%          4    ###....


Dungeon Overview and Level Annotations

Branches:
Dungeon (15/15)            Temple (1/1) D:5            Lair (8/8) D:9
  Swamp (5/5) Lair:6        Snake (5/5) Lair:6        Slime (6/6) Lair:6
    Orc (4/4) D:9             Elf (3/3) Orc:3        Vaults (5/5) D:14
  Crypt (3/3) Vaults:2       Tomb (1/3) Crypt:3      Depths (5/5) D:15
   Hell (1/1)                 Geh (1/7) Hell            Coc (0/7) Hell
    Zot (5/5) Depths:5
    Dis: Hell:1         Tar: Hell:1

Altars:
Ashenzari
Cheibriados
Dithmenos
Elyvilon
Fedhas
Gozag
Kikubaaqudgha
Makhleb
Nemelex Xobeh
Okawaru
Qazlal
Ru
Sif Muna
Trog
Vehumet
Xom
Yredelemnul
Zin
The Shining One
Beogh
Jiyva
Lugonu

Shops:
D:15 (   Orc:1 [:[[}   Orc:4 *[=(   Elf:2 :[   Elf:3 *   Vaults:1 ?
Vaults:4 (**

Portals:
Hell: Lair:8 Depths:1 Depths:2 Depths:3 Depths:4 Depths:5
Abyss: Depths:1 Depths:3 Depths:4
Pandemonium: Depths:3
Ziggurat: Depths:1

Annotations:
Depths:1 exclusion: eye of draining


Innate Abilities, Weirdness & Mutations

You are small and have problems with some larger weapons.
You are carnivorous and can eat meat at any time.
You have a pair of small horns on your head.
Scrolls take you a little longer to read.
You are very clumsy. (Dex -4)
Armour fits poorly on your strangely shaped body.
You heal slowly when monsters are visible.
Your muscles are strong. (Str +2)


Message History

The Brimstone Fiend hits your earth elemental but does no damage.
The Brimstone Fiend barely misses your earth elemental.
The Brimstone Fiend hits your earth elemental!
The daeva calls down the wrath of the Shining One upon you.
Something smites you!
* * * LOW HITPOINT WARNING * * *
Your earth elemental hits the Brimstone Fiend but does no damage.
The Brimstone Fiend calls on the powers of darkness!
Your body is wracked with pain!
* * * LOW HITPOINT WARNING * * *
The daeva convulses!
The rust devil hits your earth elemental.
Unknown command.
The Brimstone Fiend calls on the powers of darkness!
Your body is wracked with pain!
* * * LOW HITPOINT WARNING * * *
The daeva convulses!
The daeva calls down the wrath of the Shining One upon you.
Something smites you!
You die...

# #####.## ...##.# ##
###.##.#####.##.##.##############
......[(.(().......).............
......[.(1E.....E................
.................................
....((([..4.....@................
..§§§...A.(......................
...§§............(!......(.......
..§§§............................
..§§§.....(....(...(.............
................[<((..(..........
..........1....(.((((.(..........
...............(.(([)..(..((..(..
###.........(.##############(....


You could see a daeva, a Brimstone Fiend, a rust devil and 2 friendly earth
elementals.

Vanquished Creatures
  the royal jelly (Slime:6)
  Dissolution (Slime:3)
  7 orbs of fire
  An ancient lich (Zot:5)
  Mara (Depths:1)
  Sojobo (Depths:2)
  Boris (thrice) (Vaults:3 Depths:3 Depths:4)
  Margery (Depths:4)
  Norris (Snake:5)
  Saint Roka (Crypt:2)
  3 Killer Klowns
  A curse toe (Zot:4)
  Geryon (Hell)
  The ghost of Mellonil the Slayer, a mighty MiBe of Trog (Vaults:5)
  24 tentacled monstrosities
  15 golden dragons
  Jory (Crypt:3)
  6 bone dragons
  2 profane servitors
  4 electric golems
  Jorgrun (Elf:3)
  9 liches
  Rupert (Depths:1)
  Asterion (Snake:3)
  3 deep elf blademasters
  2 quicksilver dragons
  A shard shrike skeleton (Crypt:2)
  4 titans
  2 deep elf master archers (Elf:3)
  26 Orb Guardians
  11 tentacled starspawn (Abyss:1)
  9 sphinxes
  4 ancient champions
  22 acid blobs
  3 thorn hunters
  Kirke (Snake:1)
  12 tengu reavers
  A shadow dragon (shapeshifter) (Depths:4)
  19 storm dragons
  6 draconian monks
  16 greater nagas
  12 shadow dragons
  14 azure jellies
  3 revenants
  Wiglaf (Snake:2)
  11 frost giants
  Donald (Swamp:2)
  Maud (Orc:4)
  7 fire giants
  7 draconian knights
  2 ghost moths
  15 vault wardens
  Aizul (Swamp:3)
  Louise (Snake:4)
  7 draconian scorchers
  5 draconian zealots
  2 curse skulls (Crypt:3)
  2 orc warlords (Orc:3)
  An iron dragon (Depths:2)
  11 deep elf sorcerers
  The ghost of Voda the Grappler, a powerful TrCK of Xom (D:14)
  7 draconian shifters
  10 ironheart preservers
  6 draconian annihilators
  4 ghouls
  24 stone giants
  2 spriggan defenders
  17 very ugly things
  4 reapers
  3 war gargoyles
  15 black draconians
  8 deep elf demonologists
  11 rakshasas
  13 vampire knights
  8 draconian callers
  Nessos (Lair:5)
  3 salamander firebrands (Geh:1)
  19 green draconians
  17 purple draconians
  14 deep elf annihilators
  A dire elephant (Lair:8)
  17 mottled draconians
  11 white draconians
  11 red draconians
  11 yellow draconians
  A green death (Depths:2)
  A spectral quicksilver dragon (Crypt:1)
  A minotaur (Lab)
  12 ettins
  Snorg (D:11)
  6 death oozes
  8 deep elf death magi
  31 vault guards
  A mummy priest (Depths:2)
  27 jiangshi
  Josephine (Orc:4)
  6 eidola
  19 ogre magi
  17 yaktaur captains
  24 great orbs of eyes
  A minotaur (shapeshifter) (Vaults:4)
  20 fire dragons
  12 death cobs
  A kraken zombie (Hell)
  3 ice dragons (shapeshifter) (Depths:4)
  21 ice dragons
  5 entropy weavers
  3 deep elf high priests
  21 hydras
  3 catoblepae
  26 naga warriors
  2 anacondas (shapeshifter)
  13 spriggan air magi
  16 centaur warriors
  8 anacondas
  A spectral frost giant (Crypt:3)
  3 death knights (Crypt:3)
  11 deep troll shamans
  13 alligators
  An alligator (shapeshifter) (Depths:4)
  9 salamander stormcallers
  12 deep troll earth magi
  18 dancing weapons
  7 vampire magi
  A death yak (shapeshifter) (Vaults:4)
  5 orc high priests
  10 tengu warriors
  4 spriggan berserkers
  6 hell hogs
  7 death yaks
  A titan zombie (Hell)
  6 soul eaters
  A shock serpent (shapeshifter) (Depths:2)
  17 naga sharpshooters
  17 spriggans
  5 sun demons
  5 shock serpents
  Sonja (Lair:2)
  Nergalle (Lair:2)
  A spectral storm dragon (Crypt:1)
  27 hell knights
  11 thrashing horrors (Abyss:1)
  3 titan skeletons
  An iron golem (WizLab)
  2 wretched stars (Abyss:1)
  6 iron trolls
  A storm dragon zombie (Crypt:2)
  2 death drakes (shapeshifter)
  46 deep trolls
  3 salamander mystics
  41 skeletal warriors
  10 shadow wraiths
  3 fire crabs
  9 naga ritualists
  21 deep elf knights
  7 flayed ghosts
  2 shadow demons
  A deep troll (shapeshifter) (Vaults:5)
  9 ice devils
  3 spriggan druids
  25 ironbrand convokers
  8 sea snakes (Snake:2)
  A kraken simulacrum (Hell)
  A cherub (Depths:5)
  4 shambling mangroves
  An anaconda zombie (Hell)
  16 swamp dragons
  12 deep elf summoners
  A storm dragon skeleton (Crypt:1)
  2 unseen horrors (shapeshifter)
  A putrid demonspawn (Depths:3)
  A harpy (Vaults:5)
  An obsidian statue (Depths:1)
  6 giant orange brains
  A harpy (shapeshifter) (WizLab)
  22 orc knights
  2 shadow dragon zombies
  12 hill giants
  16 phantasmal warriors
  An orb spider (Abyss:1)
  An anubis guard (Tomb:1)
  A golden dragon skeleton (Crypt:1)
  3 unseen horrors
  20 salamanders
  2 fire giant zombies
  A mana viper (shapeshifter) (Elf:3)
  6 orc sorcerers
  4 wolf spiders
  A lindwurm (D:14)
  12 shining eyes
  An iron dragon zombie (Crypt:1)
  6 griffons
  14 cyclopes
  12 oklob plants
  A manticore (D:11)
  A spectral ice dragon (Crypt:3)
  4 frost giant zombies
  3 sixfirhies
  7 mana vipers
  7 wizards
  67 ugly things
  A sphinx skeleton (Depths:1)
  16 necromancers
  2 octopodes (shapeshifter)
  2 salamanders (shapeshifter)
  7 hornets
  14 deep elf conjurers
  27 moths of wrath
  A wolf spider (shapeshifter) (Depths:4)
  4 worldbinders (Abyss:1)
  A hornet (shapeshifter) (Vaults:4)
  2 ravens (shapeshifter)
  A draconian (shapeshifter) (Depths:1)
  A draconian (Depths:3)
  An iron dragon skeleton (Crypt:1)
  8 guardian serpents
  7 eyes of devastation
  A manticore (shapeshifter) (WizLab)
  A titan simulacrum (Abyss:1)
  2 fire giant skeletons
  36 black mambas
  A moth of wrath (shapeshifter) (WizLab)
  10 elephants
  15 vault sentinels
  28 naga magi
  An alligator snapping turtle zombie (Crypt:1)
  2 frost giant skeletons
  9 smoke demons
  A komodo dragon (shapeshifter) (WizLab)
  A molten gargoyle (Hell)
  A torpor snail (shapeshifter) (Depths:5)
  2 guardian serpents (shapeshifter)
  A shock serpent skeleton (Abyss:1)
  A yaktaur zombie (Depths:1)
  A torpor snail (Lair:7)
  7 rust devils
  22 spiny frogs
  A gargoyle (D:14)
  An efreet (D:14)
  4 fire drakes
  A spriggan zombie (Hell)
  9 orange demons
  A spiny frog (shapeshifter) (WizLab)
  An elf (shapeshifter) (WizLab)
  A kobold demonologist (D:15)
  7 deep elf priests
  9 komodo dragons
  5 demonic crawlers
  A hydra zombie (Crypt:1)
  4 hellions
  58 yaktaurs
  9 red devils
  10 trolls
  6 ancient zymes (Abyss:1)
  2 yaktaurs (shapeshifter) (WizLab)
  4 hellwings
  A yaktaur skeleton (Vaults:2)
  2 golden dragon simulacra
  3 tengu conjurers
  A jumping spider (Depths:2)
  A pale draconian skeleton (Crypt:1)
  3 wandering mushrooms (Swamp:2)
  A merfolk (shapeshifter) (Depths:2)
  21 freezing wraiths
  A jumping spider (shapeshifter) (Depths:4)
  18 blue devils
  30 two-headed ogres
  2 wind drakes (shapeshifter)
  A harpy zombie (Crypt:1)
  25 ravens
  2 hydra skeletons
  2 polar bears (shapeshifter)
  10 baby alligators
  2 elf zombies
  2 ettin zombies (Crypt:1)
  11 giant leeches
  A fire dragon zombie (Depths:1)
  3 trolls (shapeshifter)
  178 slime creatures
  An ushabti (Tomb:1)
  2 blink frogs (shapeshifter) (WizLab)
  9 boulder beetles
  A minotaur skeleton (Crypt:1)
  2 slime creatures (shapeshifter)
  An alligator zombie (Hell)
  14 blink frogs
  2 wolf spider simulacra
  2 ice dragon zombies
  2 trapdoor spider zombies
  8 bog bodies
  A human simulacrum (Vaults:2)
  9 raiju (Abyss:1)
  2 redbacks (shapeshifter)
  3 spriggan skeletons
  75 flying skulls
  5 wyverns
  An ettin skeleton (Geh:1)
  3 water elementals
  6 ynoxinuls (Abyss:1)
  11 shadows
  2 tarantellas (shapeshifter)
  A trapdoor spider (shapeshifter) (WizLab)
  13 air elementals
  2 yaks (shapeshifter)
  16 wraiths
  21 deep elf magi
  5 tarantellas
  3 trapdoor spiders
  A giant leech zombie (Crypt:2)
  5 fire elementals
  13 redbacks
  95 yaks
  7 vampires
  10 hippogriffs
  Eustachio (D:6)
  7 fire bats
  5 neqoxecs (Abyss:1)
  4 hungry ghosts
  28 vampire mosquitoes
  9 golden eyes
  A human (shapeshifter) (Vaults:4)
  The ghost of casual the Ducker, an average HuMo (D:4)
  A hippogriff (shapeshifter) (WizLab)
  27 deep elf fighters
  6 basilisks
  2 chaos spawn (Abyss:1)
  A mottled dragon (shapeshifter) (Depths:2)
  A golden eye (shapeshifter) (Vaults:2)
  2 death yak simulacra (IceCv)
  23 swamp worms
  A yaktaur simulacrum (Depths:1)
  12 wargs
  A harpy simulacrum (Depths:4)
  Edmund (D:6)
  A naga (shapeshifter) (WizLab)
  19 small abominations
  20 insubstantial wisps
  40 water moccasins
  2 water nymph zombies (Crypt:2)
  A warg (shapeshifter) (WizLab)
  2 deep troll zombies
  6 wolves (Orc:2)
  17 large abominations
  4 mottled dragons
  3 hydra simulacra
  A spiny frog zombie (Hell)
  A tengu skeleton (Depths:1)
  A porcupine (shapeshifter) (D:15)
  92 nagas
  2 hornet simulacra
  2 black bears
  14 swamp drakes
  7 phantoms
  2 snapping turtle zombies
  11 porcupines
  3 sky beasts
  6 hell hounds
  An ice beast (shapeshifter) (Vaults:2)
  68 orc warriors
  A black bear (shapeshifter) (WizLab)
  9 eyes of draining
  23 wasps
  5 necrophages
  82 ogres
  A boring beetle (shapeshifter) (WizLab)
  An eye of draining (shapeshifter) (WizLab)
  11 ice beasts
  26 centaurs
  14 boggarts
  2 boring beetles
  A manticore skeleton (Geh:1)
  A brain worm (Lair:7)
  A komodo dragon zombie (Crypt:1)
  A boggart (shapeshifter) (Vaults:5)
  A brain worm (shapeshifter) (Depths:2)
  29 crocodiles
  A fire drake skeleton (Crypt:1)
  A fire crab zombie (Crypt:2)
  2 big kobolds (shapeshifter)
  4 big kobolds
  A giant frog (shapeshifter) (Depths:3)
  A salamander skeleton (Crypt:1)
  8 earth elementals (D:15)
  21 giant frogs
  A wyvern zombie (D:13)
  A gnoll sergeant (D:7)
  A deep troll simulacrum (Depths:4)
  A water moccasin zombie (Crypt:1)
  2 wyvern skeletons
  A warg zombie (Crypt:2)
  13 scorpions
  4 yak zombies (D:11)
  13 electric eels
  An oklob sapling (Swamp:2)
  3 quasits
  20 wights
  A manticore simulacrum (Crypt:3)
  A goliath beetle (D:8)
  A giant frog zombie (D:7)
  44 jellies
  18 crimson imps
  6 hounds
  5 human zombies
  5 lava snakes (Volcano)
  4 iron imps (Depths:1)
  12 starcursed masses (Abyss:1)
  48 orc priests
  3 giant frog skeletons
  Ijyb (D:2)
  7 centaur skeletons
  7 centaur zombies
  A draconian simulacrum (IceCv)
  23 hell rats
  A demonspawn skeleton (Crypt:1)
  14 iguanas
  53 orc wizards
  9 worker ants
  4 troll simulacra (IceCv)
  4 centaur simulacra
  33 sheep
  A wolf simulacrum (IceCv)
  3 big kobold zombies (Ossuary)
  A deep dwarf zombie (Crypt:2)
  A hound skeleton (D:10)
  A hound zombie (D:8)
  6 mummies
  A gnoll (shapeshifter) (Vaults:4)
  2 naga simulacra (IceCv)
  7 scorpion zombies (Ossuary)
  17 adders
  6 gnolls
  71 river rats
  2 worm zombies (D:7)
  2 orc skeletons (Orc:4)
  9 shadow imps
  An ogre simulacrum (IceCv)
  11 white imps
  5 worms
  4 giant eyeballs (WizLab)
  3 ufetubi (Abyss:1)
  An adder zombie (D:8)
  8 orc zombies
  2 adder skeletons
  12 giant geckos
  4 oozes
  234 orcs
  6 ball pythons
  3 bat skeletons
  5 giant cockroaches
  A gnoll zombie (Ossuary)
  18 goblins
  11 hobgoblins
  3 jackals
  8 quokkas
  13 bats
  2 giant gecko zombies
  3 giant newts
  2 giant spores
  3 goblin zombies
  4 hobgoblin zombies
  27 kobolds
  3 kobold skeletons (D:9)
  3 kobold zombies (D:9)
  2 quokka skeletons
  A quokka zombie (D:6)
  39 rats
  A rat zombie (D:7)
  A spectral orc (D:4)
  32 ballistomycetes
  4 fungi
  3 plants
  3 tentacles (Hell)
4299 creatures vanquished.

Vanquished Creatures (collateral kills)
  the Lernaean hydra (Swamp:5)
  A Killer Klown (Zot:5)
  A sphinx (Tomb:1)
  A storm dragon (Vaults:5)
  A draconian monk (Zot:5)
  A greater naga (Snake:5)
  A draconian knight (Zot:5)
  A draconian scorcher (Zot:5)
  A deep elf annihilator (Vaults:5)
  A red draconian (Zot:5)
  A vault guard (Vaults:5)
  A centaur warrior (Depths:2)
  A naga sharpshooter (Snake:5)
  An anaconda zombie (Hell)
  A naga ritualist (Snake:5)
  A wolf spider (Vaults:5)
  An orb spider (Abyss:1)
  3 elephants (Lair:4)
  A guardian mummy (Tomb:1)
  A troll (Crypt:2)
  A slime creature (Slime:1)
  A spriggan (Depths:2)
  A yak (Lair:5)
  An air elemental (Depths:2)
  A basilisk (Lair:7)
  A naga (Snake:5)
  A water moccasin (Lair:7)
  A wasp (Depths:2)
  A crocodile (Lair:4)
  An electric eel (Lair:6)
  A hell rat (Lair:7)
  2 sheep (Lair:6)
  4 river rats (Lair:7)
  A shadow imp (Abyss:1)
  4 orcs (Crypt:2)
44 creatures vanquished.

Vanquished Creatures (others)
  The ghost of Vidiiot the Executioner, a mighty MiBe of Trog (Slime:5)
  A tengu reaver (Vaults:5)
  A vault warden (Vaults:5)
  A draconian scorcher (Zot:4)
  A lorocyproca (Depths:4)
  A purple draconian (Zot:5)
  2 vault guards (Vaults:5)
  An alligator (Swamp:5)
  An unseen horror (Vaults:1)
  A human zombie (Vaults:5)
  A deep elf conjurer (Elf:2)
  A wolf spider (Vaults:5)
  A moth of wrath (Zot:5)
  A vault sentinel (Vaults:5)
  3 air elementals
  A frost giant skeleton (Vaults:5)
  2 trolls
  A two-headed ogre (Vaults:4)
  3 jumping spiders
  2 baby alligators (Swamp:5)
  2 ravens
  2 bog bodies (Swamp:5)
  9 redbacks
  22 trapdoor spiders
  A human (Snake:1)
  A mottled dragon (Depths:5)
  A deep elf mage (Vaults:3)
  A salamander skeleton (Vaults:5)
  A deep elf fighter (Elf:1)
  11 earth elementals
  A naga (Snake:5)
  A swamp drake (Swamp:5)
  12 spiders
  17 lost souls
  A scorpion (Lair:5)
  A jelly (Slime:5)
  An orc wizard (Crypt:2)
  A giant frog skeleton (D:8)
  A hell rat (Hell)
  8 orcs
  3 giant cockroaches (Depths:3)
  A bat (D:6)
  8 giant spores
  A goblin (Orc:3)
  A kobold (D:2)
  A ballistomycete (Swamp:2)
  5 butterflies
  20 fungi
  33 plants
  12 starspawn tentacles (Abyss:1)
  46 starspawn tentacle segments (Abyss:1)
  20 tentacles (Hell)
  1105 tentacle segments (Hell)
1378 creatures vanquished.

Grand Total: 5721 creatures vanquished

Notes
Turn   | Place    | Note
--------------------------------------------------------------
     0 | D:1      | Hanyuu, the Kobold Assassin, began the quest for the Orb.
     0 | D:1      | Reached XP level 1. HP: 12/12 MP: 1/1
   201 | D:1      | Reached XP level 2. HP: 18/18 MP: 2/2
   678 | D:2      | Found a stormy altar of Qazlal.
   721 | D:2      | Reached XP level 3. HP: 17/22 MP: 3/3
   979 | D:2      | Reached XP level 4. HP: 25/27 MP: 4/4
  1048 | D:2      | Noticed Ijyb
  1063 | D:2      | Killed Ijyb
  1063 | D:2      | Reached skill level 6 in Stealth
  1323 | D:3      | Reached XP level 5. HP: 31/31 MP: 5/5
  1591 | D:3      | Found a glowing drain.
  1627 | Sewer    | Entered a sewer
  1784 | Sewer    | Learned a level 1 spell: Summon Butterflies
  1885 | Sewer    | Reached skill level 5 in Short Blades
  1885 | Sewer    | Reached skill level 7 in Stealth
  1885 | Sewer    | Reached XP level 6. HP: 20/36 MP: 6/6
  2803 | Sewer    | Reached XP level 7. HP: 35/40 MP: 7/7
  3345 | D:4      | Reached skill level 5 in Dodging
  3630 | D:4      | Reached skill level 8 in Stealth
  3846 | D:4      | Reached XP level 8. HP: 40/46 MP: 8/8
  3888 | D:4      | Noticed casual's ghost (average HuMo)
  3928 | D:4      | Killed casual's ghost
  3955 | D:4      | Found a basalt altar of Yredelemnul.
  4285 | D:5      | Entered Level 5 of the Dungeon
  4632 | D:5      | Reached skill level 9 in Stealth
  4781 | D:5      | Found a burning altar of Makhleb.
  4781 | D:5      | Found an opulent altar of Gozag.
  4813 | D:5      | Found a staircase to the Ecumenical Temple.
  4822 | Temple   | Entered the Ecumenical Temple
  4834 | Temple   | Became a worshipper of Dithmenos the Shadowed
  5130 | D:5      | Reached XP level 9. HP: 52/52 MP: 9/9
  5877 | D:5      | Reached skill level 5 in Fighting
  5996 | D:6      | Found a blossoming altar of Fedhas.
  6003 | D:6      | Noticed Eustachio
  6020 | D:6      | Killed Eustachio
  6020 | D:6      | Reached skill level 10 in Stealth
  6066 | D:6      | Noticed Edmund
  6137 | D:6      | Killed Edmund
  6701 | D:6      | Found a glowing silver altar of Zin.
  7049 | D:7      | Found a shadowy altar of Dithmenos.
  7080 | D:7      | Found a sand-covered staircase.
  7091 | D:7      | Acquired Dithmenos's first power
  7093 | Ossuary  | Entered an ossuary
  7403 | Ossuary  | Reached XP level 10. HP: 53/60 MP: 10/10
  7554 | Ossuary  | Reached skill level 11 in Stealth
  7717 | D:7      | Acquired Dithmenos's second power
  8093 | D:7      | Reached skill level 1 in Armour
  8565 | D:7      | Reached skill level 10 in Short Blades
  9386 | D:8      | Found a bloodstained altar of Trog.
  9531 | D:8      | Acquired Dithmenos's third power
 10148 | D:8      | Reached skill level 12 in Stealth
 10538 | D:9      | Reached XP level 11. HP: 55/67 MP: 11/11
 10792 | D:9      | Found a staircase to the Orcish Mines.
 10815 | D:9      | Found a glowing golden altar of the Shining One.
 10893 | D:9      | Got a brightly glowing quarterstaff
 10894 | D:9      | Identified the cursed +2 quarterstaff of Watchfulness {freeze, Str+2 SInv} (You found it on level 9 of the Dungeon)
 10994 | D:9      | Got a blackened falchion
 10995 | D:9      | Identified the +6 falchion "Xozxomog" {antimagic, Int+2} (You found it on level 9 of the Dungeon)
 11167 | D:9      | Reached skill level 10 in Dodging
 11321 | D:9      | Found a staircase to the Lair.
 11347 | D:9      | Found a sparkling altar of Nemelex Xobeh.
 11539 | D:10     | Entered Level 10 of the Dungeon
 11697 | D:10     | Acquired Dithmenos's fourth power
 11826 | D:10     | Identified Secret Knowledge in Simple Steps
 11892 | D:10     | Reached skill level 13 in Stealth
 11984 | D:10     | Reached skill level 1 in Spellcasting
 12007 | D:10     | Learned a level 2 spell: Shroud of Golubria
 12025 | D:10     | Noticed a centaur warrior
 12060 | D:10     | Killed a centaur warrior
 12137 | D:10     | Noticed a hill giant
 12186 | D:10     | Killed a hill giant
 12186 | D:10     | Reached skill level 1 in Translocations
 12416 | D:10     | Noticed a hill giant
 12419 | D:10     | Killed a hill giant
 12537 | D:10     | Noticed a green ugly thing
 12539 | D:10     | Noticed a white ugly thing
 12591 | D:10     | Killed a white ugly thing
 12828 | D:10     | Killed a red ugly thing
 12952 | D:10     | Noticed a purple ugly thing
 12988 | D:10     | Killed a purple ugly thing
 13022 | D:10     | Noticed a brown ugly thing
 13022 | D:10     | Noticed a purple ugly thing
 13087 | D:10     | Killed a purple ugly thing
 13087 | D:10     | Reached XP level 12. HP: 39/75 MP: 17/17
 13147 | D:10     | Noticed a green ugly thing
 13297 | D:10     | Killed a red ugly thing
 13307 | D:10     | Noticed a cyan very ugly thing
 13426 | D:10     | Killed a brown ugly thing
 13580 | D:10     | Killed a brown very ugly thing
 13580 | D:10     | Reached skill level 5 in Armour
 13623 | D:10     | Noticed a wizard
 13652 | D:10     | Killed a wizard
 13747 | D:10     | Noticed a wizard
 13769 | D:10     | Killed a wizard
 13769 | D:10     | Reached skill level 5 in Spellcasting
 14545 | Lair:1   | Entered Level 1 of the Lair of Beasts
 14581 | Lair:1   | Reached skill level 14 in Stealth
 14665 | Lair:1   | Reached skill level 1 in Evocations
 15468 | Lair:1   | Learned a level 3 spell: Flight
 16175 | Lair:2   | Noticed Nergalle
 16216 | Lair:2   | Killed Nergalle
 16216 | Lair:2   | Reached skill level 1 in Charms
 16277 | Lair:2   | Reached skill level 10 in Fighting
 16392 | Lair:2   | HP: 3/77 [komodo dragon (26)]
 16539 | Lair:2   | Noticed Sonja
 16558 | Lair:2   | Killed Sonja
 16624 | Lair:2   | Reached XP level 13. HP: 82/82 MP: 20/20
 17375 | Lair:2   | Reached skill level 15 in Stealth
 19046 | Lair:4   | Learned a level 3 spell: Regeneration
 19295 | Lair:5   | Got a steaming quarterstaff
 19296 | Lair:5   | Identified the +4 quarterstaff of Welfare {freeze, rElec rN++ Str-2 Int+3} (You found it on level 5 of the Lair of Beasts)
 19474 | Lair:5   | Reached skill level 16 in Stealth
 19676 | Lair:5   | Reached XP level 14. HP: 84/90 MP: 21/21
 20082 | Lair:5   | Noticed Nessos
 20092 | Lair:5   | Killed Nessos
 20482 | Lair:6   | Found a staircase to the Swamp.
 20517 | Lair:6   | Reached skill level 5 in Evocations
 20566 | Lair:6   | Found a staircase to the Snake Pit.
 21206 | Lair:6   | Found a staircase to the Slime Pits.
 21206 | Lair:6   | Found a viscous altar of Jiyva.
 21559 | Lair:7   | Identified a scroll of acquirement
 22512 | Lair:7   | Found a staircase to the Slime Pits.
 22822 | Lair:8   | Entered Level 8 of the Lair of Beasts
 23231 | Lair:8   | Reached skill level 17 in Stealth
 23842 | Lair:7   | Gained mutation: You have a pair of small antennae on your head. [potion of mutation]
 23842 | Lair:7   | Gained mutation: Your body is slowly deteriorating. [potion of mutation]
 23842 | Lair:7   | Gained mutation: You tend to lose your temper in combat. [potion of mutation]
 23843 | Lair:7   | Lost mutation: Your body is slowly deteriorating. [potion of cure mutation]
 23843 | Lair:7   | Lost mutation: You have a pair of small antennae on your head. [potion of cure mutation]
 23843 | Lair:7   | Lost mutation: You tend to lose your temper in combat. [potion of cure mutation]
 23908 | Lair:8   | Reached XP level 15. HP: 97/97 MP: 22/22
 24190 | Lair:8   | Learned a level 3 spell: Mephitic Cloud
 24337 | Lair:8   | Found a burning altar of Makhleb.
 24832 | Lair:1   | Reached skill level 1 in Air Magic
 24974 | Orc:1    | Entered Level 1 of the Orcish Mines
 24989 | Orc:1    | Found Heigetiopn's Antique Armour Shoppe.
 25029 | Orc:1    | Bought a warped cloak for 256 gold pieces
 25039 | Orc:1    | Identified the -2 cloak of the Crown {rCorr Stlth+} (You bought it in a shop on level 1 of the Orcish Mines)
 25116 | Orc:1    | Found Oreil's Gadget Shoppe.
 25178 | Orc:1    | Found a frozen archway.
 25321 | Orc:1    | Found Kejom's Book Shop.
 25332 | Orc:1    | Found Honec's Antique Armour Boutique.
 25355 | Orc:1    | Found Efrafaar's Armour Boutique.
 25392 | IceCv    | Entered an ice cave
 25763 | IceCv    | HP: 4/98 [freezing wraith (2)]
 26827 | Orc:2    | Found a roughly hewn altar of Beogh.
 26880 | Orc:2    | Reached skill level 1 in Ice Magic
 27559 | Orc:2    | Reached skill level 18 in Stealth
 28101 | Orc:3    | Found a staircase to the Elven Halls.
 28238 | Orc:3    | Noticed an orc warlord
 28243 | Orc:3    | Killed an orc warlord
 28606 | Orc:3    | Paralysed by an orc sorcerer for 4 turns
 28663 | Orc:3    | Found a roughly hewn altar of Beogh.
 29216 | Orc:4    | Entered Level 4 of the Orcish Mines
 29304 | Orc:4    | Found a dark tunnel.
 29320 | Volcano  | Entered a volcano
 29497 | Volcano  | Found a burning altar of Makhleb.
 29713 | Orc:4    | Noticed Josephine
 29714 | Orc:4    | Killed Josephine
 29836 | Orc:4    | Noticed an orc warlord
 30508 | Orc:3    | Killed an orc warlord
 30515 | Orc:3    | Upgraded the game from 0.17-a0-530-gbe3d13a to 0.17-a0-547-g5e20af8
 30680 | Orc:4    | Reached XP level 16. HP: 99/105 MP: 23/23
 30769 | Orc:4    | Noticed Maud
 30858 | Orc:4    | Killed Maud
 31072 | Orc:4    | Reached skill level 19 in Stealth
 31073 | Orc:4    | Found Hiatoeni's Antique Armour Boutique.
 31074 | Orc:4    | Found Bed Utew's Antique Weapon Shop.
 31076 | Orc:4    | Found Olemaim's General Store.
 31076 | Orc:4    | Found Plog's Jewellery Boutique.
 31096 | Orc:4    | Bought a runed rapier for 132 gold pieces
 31107 | Orc:4    | Bought a +5 ring of evasion for 715 gold pieces
 31119 | Orc:4    | Bought a buckler for 85 gold pieces
 31727 | D:11     | Reached skill level 1 in Shields
 32624 | D:11     | Noticed Snorg
 32744 | D:11     | Found a staircase to the Orcish Mines.
 32856 | D:11     | Killed Snorg
 33711 | D:12     | Learned a level 3 spell: Spider Form
 33718 | D:12     | Learned a level 6 spell: Freezing Cloud
 33855 | D:12     | Found a labyrinth entrance.
 33862 | Lab      | Entered a labyrinth
 34089 | Lab      | Identified a +2 pair of boots of running (You found it in a labyrinth)
 34094 | Lab      | Got an obsidian-encrusted ring mail
 34105 | Lab      | Identified the +1 ring mail of Pidydd {rC+ rN++ MR+ Stlth-} (You found it in a labyrinth)
 34448 | D:12     | Found a large runed door.
 34448 | D:12     | Found a large runed door.
 34715 | D:12     | Found an iron altar of Okawaru.
 34717 | D:12     | Found an iron altar of Okawaru.
 36389 | D:14     | Reached skill level 5 in Shields
 36399 | D:14     | Reached skill level 20 in Stealth
 36481 | D:14     | Reached XP level 17. HP: 93/111 MP: 24/24
 36611 | D:14     | Noticed Voda's ghost (powerful TrCK)
 37047 | D:14     | Killed Voda's ghost
 37063 | D:14     | Found a gate to the Vaults.
 37721 | D:15     | Entered Level 15 of the Dungeon
 37839 | D:15     | Found a staircase to the Depths.
 37938 | D:15     | Found Unaexta's Weapon Shop.
 38039 | D:15     | Reached skill level 15 in Dodging
 38702 | D:15     | Found a radiant altar of Vehumet.
 38823 | D:15     | Learned a level 5 spell: Phase Shift
 39388 | Lair:1   | Reached skill level 21 in Stealth
 40161 | Lair:8   | Found a gateway to Hell.
 40410 | Swamp:1  | Entered Level 1 of the Swamp
 40798 | Swamp:1  | Got a transparent hand crossbow
 41326 | Swamp:2  | Reached XP level 18. HP: 107/116 MP: 25/25
 41475 | Swamp:2  | Noticed Donald
 41477 | Swamp:2  | Killed Donald
 41477 | Swamp:2  | Reached skill level 22 in Stealth
 42831 | Swamp:3  | Noticed Aizul
 42854 | Swamp:3  | Killed Aizul
 44495 | Swamp:5  | Entered Level 5 of the Swamp
 44658 | Swamp:5  | Learned a level 1 spell: Apportation
 44789 | Swamp:5  | Reached skill level 10 in Evocations
 44807 | Swamp:5  | Reached skill level 23 in Stealth
 45017 | Swamp:5  | Noticed the 27-headed Lernaean hydra
 45152 | Swamp:4  | Reached XP level 19. HP: 109/122 MP: 26/26
 45172 | Swamp:4  | Upgraded the game from 0.17-a0-547-g5e20af8 to 0.17-a0-562-gfd539b1
 45356 | Snake:1  | Entered Level 1 of the Snake Pit
 45386 | Snake:1  | Noticed Kirke
 45408 | Snake:1  | Killed Kirke
 45948 | Snake:2  | Reached skill level 10 in Armour
 46005 | Snake:2  | Noticed Wiglaf
 46125 | Snake:2  | Killed Wiglaf
 46434 | Snake:2  | Reached skill level 1 in Hexes
 47587 | Snake:3  | Noticed Asterion
 47589 | Snake:3  | Killed Asterion
 47623 | Snake:3  | Reached skill level 15 in Fighting
 48087 | Snake:3  | Got a transparent leather armour
 48099 | Snake:3  | Identified the +0 leather armour of Gucvaxeu {-Cast rF++ Dex+2 SInv} (You found it on level 3 of the Snake Pit)
 48469 | Snake:4  | Reached skill level 5 in Hexes
 48710 | Snake:4  | Noticed Louise
 48715 | Snake:4  | Killed Louise
 48877 | Snake:4  | Reached skill level 24 in Stealth
 48883 | Snake:4  | Reached XP level 20. HP: 129/129 MP: 28/28
 49505 | Snake:5  | Entered Level 5 of the Snake Pit
 49713 | Snake:5  | Noticed Norris
 49714 | Snake:5  | Killed Norris
 51315 | Snake:5  | Got a serpentine rune of Zot
 51976 | Snake:5  | Reached XP level 21. HP: 120/136 MP: 30/30
 52377 | Snake:5  | Learned a level 6 spell: Invisibility
 53441 | Depths:1 | Entered Level 1 of the Depths
 53453 | Depths:1 | Found a gateway to a ziggurat.
 53928 | Orc:1    | Bought a book of Frost for 525 gold pieces
 53932 | Orc:1    | Learned a level 3 spell: Ozocubu's Armour
 54366 | Depths:1 | Reached skill level 25 in Stealth
 54875 | Depths:1 | Noticed Sojobo
 56348 | Depths:1 | Found a one-way gate to the infinite horrors of the Abyss.
 56375 | Depths:1 | Noticed Mara
 56380 | Depths:1 | Killed Mara
 56677 | D:15     | Upgraded the game from 0.17-a0-562-gfd539b1 to 0.17-a0-587-g4707e02
 56768 | Depths:1 | Reached XP level 22. HP: 124/143 MP: 32/32
 56905 | Depths:1 | Reached skill level 10 in Hexes
 57218 | Depths:1 | Identified a +1 pair of boots of running (You found it on level 1 of the Depths)
 58191 | Depths:1 | Noticed Rupert
 58292 | Depths:1 | Killed Rupert
 58835 | Elf:1    | Entered Level 1 of the Elven Halls
 59852 | Elf:2    | Found Ejiosit's Book Boutique.
 59924 | Elf:2    | Found a runed gate.
 59926 | Elf:2    | Found a runed gate.
 59926 | Elf:2    | Found a runed gate.
 59947 | Elf:2    | Found Ugunanok's Armour Emporium.
 61035 | Elf:3    | Entered Level 3 of the Elven Halls
 61173 | Elf:3    | Noticed Jorgrun
 61175 | Elf:3    | Killed Jorgrun
 61175 | Elf:3    | Reached skill level 26 in Stealth
 61635 | Elf:3    | Got a crude short sword
 61650 | Elf:3    | Identified the cursed +2 short sword of the Whale {pain, rF- MP+9 Int+2 Dex+4} (You took it off a deep elf death mage on level 3 of the Elven Halls)
 61714 | Elf:3    | Reached XP level 23. HP: 150/150 MP: 33/33
 61910 | Elf:3    | Got a faintly glowing rapier
 61911 | Elf:3    | Identified the +6 rapier of Pamounn {freeze, +Inv rN++ MP-9 Int+4} (You took it off a deep elf sorcerer on level 3 of the Elven Halls)
 61928 | Elf:3    | Upgraded the game from 0.17-a0-587-g4707e02 to 0.17-a0-627-g5cb7d3e
 62002 | Elf:3    | Got a heavily runed glass ring
 62301 | Elf:3    | Identified the ring of Fedhas's Scorn {SustAb rElec rC+ Dex+2} (You took it off a deep elf demonologist on level 3 of the Elven Halls)
 62698 | Elf:3    | Got a scintillating platinum ring
 62710 | Elf:3    | Identified the ring "Acias" {Slay+3 Stlth-} (You took it off a deep elf sorcerer on level 3 of the Elven Halls)
 62771 | Elf:3    | Identified the Handbook of Focus
 62841 | Elf:3    | Identified the Collected Works on Combat Magic
 63096 | Elf:3    | Found Manikh's General Store.
 63105 | Elf:3    | Bought a scroll of identify for 26 gold pieces
 63105 | Elf:3    | Bought a scroll of enchant weapon for 97 gold pieces
 63365 | Elf:3    | Identified the Grimoire of Confrontation and the Mountains
 63583 | Elf:3    | Upgraded the game from 0.17-a0-627-g5cb7d3e to 0.17-a0-725-gfa8c127
 63965 | Vaults:1 | Entered Level 1 of the Vaults
 64220 | Vaults:1 | Found Dymaas's Magic Scroll Shop.
 64229 | Vaults:1 | Bought a scroll of enchant weapon for 105 gold pieces
 64739 | Vaults:1 | Gained mutation: Your magical capacity is low (-10% MP). [mutagenic glow]
 65706 | Vaults:2 | Found a staircase to the Crypt.
 65988 | Vaults:2 | Reached XP level 24. HP: 158/158 MP: 31/31
 67339 | Vaults:3 | Got an ominously black robe
 67350 | Vaults:3 | Identified the +1 robe of the Iron City of Dis {rF+ rC++ Int-3 SInv} (You found it on level 3 of the Vaults)
 67466 | Vaults:3 | Noticed Boris
 67468 | Vaults:3 | Killed Boris
 67532 | Vaults:3 | Reached skill level 27 in Stealth
 68610 | Vaults:3 | Reached skill level 10 in Spellcasting
 69031 | Vaults:4 | Found a magical portal.
 69041 | WizLab   | Entered Cigotuvi's Fleshworks
 69294 | WizLab   | Paralysed by a giant eyeball for 2 turns
 69320 | WizLab   | Paralysed by a giant eyeball for 3 turns
 69347 | WizLab   | Paralysed by a giant eyeball for 2 turns
 69353 | WizLab   | Paralysed by a giant eyeball for 3 turns
 69360 | WizLab   | Paralysed by a giant eyeball for 4 turns
 69750 | WizLab   | Learned a level 6 spell: Haste
 69756 | WizLab   | Learned a level 5 spell: Silence
 69800 | WizLab   | Lost mutation: Your magical capacity is low (-10% MP). [potion of cure mutation]
 69810 | WizLab   | Gained mutation: You can spit weak poison. [potion of beneficial mutation]
 69811 | WizLab   | Gained mutation: You have very sharp teeth. [potion of beneficial mutation]
 69820 | WizLab   | Gained mutation: You can spit poison. [potion of mutation]
 69820 | WizLab   | Gained mutation: Your mind is acute. (Int +2) [potion of mutation]
 69820 | WizLab   | Gained mutation: You are weak. (Str -2) [potion of mutation]
 69822 | WizLab   | Lost mutation: Your mind is acute. (Int +2) [potion of cure mutation]
 69822 | WizLab   | Lost mutation: You have very sharp teeth. [potion of cure mutation]
 69822 | WizLab   | Lost mutation: You are weak. (Str -2) [potion of cure mutation]
 69822 | WizLab   | Lost mutation: You can spit poison. [potion of cure mutation]
 69906 | WizLab   | Reached XP level 25. HP: 164/164 MP: 33/37
 69916 | WizLab   | Identified Cigotuvi's Tome of Unstable Stolen Souls (You found it in a wizard's laboratory)
 69925 | WizLab   | Identified Icaygan's Disquisition on Transmigration
 69944 | WizLab   | Got a transparent cloak
 69955 | WizLab   | Identified the +1 cloak of the Apprentice {Regen+} (You acquired it in a wizard's laboratory)
 70493 | Vaults:4 | Found Gozag's Assorted Antiques.
 70494 | Vaults:4 | Found an opulent altar of Gozag.
 70514 | Vaults:4 | Found Gozag's Assorted Antiques.
 70515 | Vaults:4 | Found Gozag's Antique Weapon Emporium.
 71034 | Vaults:4 | Bought a runed rapier for 400 gold pieces
 71690 | Vaults:4 | Gained mutation: You are robust (+10% HP). [potion of beneficial mutation]
 72757 | Swamp:5  | Killed the 27-headed Lernaean hydra
 72855 | Swamp:5  | Got a decaying rune of Zot
 73076 | Swamp:5  | Got a transparent platinum amulet
 73078 | Swamp:5  | Identified the amulet "Vikin" {Ward rN+ Dex+6} (You found it on level 5 of the Swamp)
 73391 | Slime:1  | Entered Level 1 of the Pits of Slime
 75113 | Slime:1  | Learned a level 2 spell: Stoneskin
 75676 | Slime:3  | Noticed Dissolution
 75678 | Slime:3  | Killed Dissolution
 75728 | Slime:3  | Reached XP level 26. HP: 185/189 MP: 39/39
 77167 | Slime:5  | Killed Vidiiot's ghost
 77257 | Slime:6  | Entered Level 6 of the Pits of Slime
 77365 | Slime:6  | Found a viscous altar of Jiyva.
 77366 | Slime:6  | Noticed the royal jelly
 77368 | Slime:6  | Killed the royal jelly
 77875 | Slime:6  | Reached skill level 5 in Translocations
 78423 | Slime:6  | Got a pitted brass ring
 78481 | Slime:6  | Identified the ring of Immorality {rC- MR+ MP+9 Dex+5} (You found it on level 6 of the Pits of Slime)
 78767 | Slime:6  | Identified Vyanuth's Catalogue of the Compass and the Frostbite (You found it on level 6 of the Pits of Slime)
 78771 | Slime:6  | Learned a level 2 spell: Blink
 78810 | Slime:6  | Got a brightly glowing platinum amulet
 78812 | Slime:6  | Identified the amulet "Curreiru" {MR+ Regen+} (You found it on level 6 of the Pits of Slime)
 78913 | Slime:6  | Got a slimy rune of Zot
 78918 | Slime:6  | Got a sparkling pewter ring
 78921 | Slime:6  | Identified the ring "Fimpapyre" {Wiz rElec} (You found it on level 6 of the Pits of Slime)
 78926 | Slime:6  | Got a steaming turquoise ring
 78928 | Slime:6  | Identified the ring of Fomai {+/*Tele Dex+2} (You found it on level 6 of the Pits of Slime)
 79822 | Vaults:5 | Entered Level 5 of the Vaults
 80191 | Vaults:5 | Noticed Mellonil's ghost (mighty MiBe)
 80606 | Vaults:5 | Reached XP level 27. HP: 139/195 MP: 40/40
 80671 | Vaults:5 | Identified the Volume of Envenoming (You found it on level 5 of the Vaults)
 81936 | Vaults:4 | Learned a level 6 spell: Deflect Missiles
 82599 | Vaults:4 | Bought 2 potions of haste for 2000 gold pieces
 83067 | Vaults:4 | HP: 7/196 [white very ugly thing (16)]
 84796 | Vaults:4 | Got a warped silver ring
 84801 | Vaults:4 | Identified the ring "Beca" {MP+9 Int+5 Dex+2} (You took it off a deep elf death mage on level 4 of the Vaults)
 86106 | Depths:2 | Killed Sojobo
 86281 | Depths:2 | Got a spiked plate armour
 86301 | Depths:2 | Identified the +3 plate armour of Analysis {Str+2} (You found it on level 2 of the Depths)
 86419 | Depths:2 | Reached skill level 5 in Charms
 87220 | Depths:2 | Reached skill level 15 in Spellcasting
 88544 | Depths:2 | Got a transparent granite ring
 88545 | Depths:2 | Got an ebony rapier
 88546 | Depths:2 | Identified the +4 rapier "Sugelaj" {freeze, rF+} (You took it off a deep elf high priest on level 2 of the Depths)
 89004 | Depths:2 | Learned a level 4 spell: Passage of Golubria
 90118 | Depths:3 | Found a corrupted altar of Lugonu.
 90144 | Depths:3 | Reached skill level 15 in Armour
 90651 | Depths:3 | Found a one-way gate leading to the halls of Pandemonium.
 90815 | Depths:3 | Identified the Grimoire of the Oath
 90851 | Depths:3 | Identified the ring "Piqatesa" {Contam rN+ MR+ Str-2 Int+8} (You took it off a deep elf high priest on level 2 of the Depths)
 91099 | Depths:3 | Noticed Boris
 91149 | Depths:3 | Killed Boris
 91611 | Depths:4 | Noticed Margery
 91614 | Depths:4 | Killed Margery
 91868 | Depths:4 | Noticed Boris
 91872 | Depths:4 | Killed Boris
 93012 | Depths:5 | Entered Level 5 of the Depths
 93489 | Depths:5 | Got a blackened ring mail
 93500 | Depths:5 | Identified the +5 ring mail "Jepuew" {rPois Regen+ MP-9} (You found it on level 5 of the Depths)
 94131 | Depths:5 | Found a gate to the Realm of Zot.
 94605 | Hell     | Entered the Vestibule of Hell
 94606 | Hell     | Noticed Geryon
 94608 | Hell     | Killed Geryon
 94710 | Hell     | Found a gateway to the freezing wastes of Cocytus.
 96736 | Vaults:5 | Killed Mellonil's ghost
 96792 | Vaults:5 | Got a heavily runed brass ring
 96794 | Vaults:5 | Identified the cursed ring "Axuojusch" {+Fly Slay-2} (You took it off a vault sentinel on level 5 of the Vaults)
 97727 | Vaults:5 | Got a bound brass ring
 97729 | Vaults:5 | Identified the ring of False Pretenses {Str+5 Dex+4} (You found it on level 5 of the Vaults)
 97737 | Vaults:5 | Got an ichor-stained scale mail
 97748 | Vaults:5 | Identified the cursed +1 scale mail of an ossuary {rC- rN+ Dex+4 SInv} (You found it on level 5 of the Vaults)
 97782 | Vaults:5 | Identified Hegetuim's Volume of Augmentations (You found it on level 5 of the Vaults)
 98184 | Vaults:5 | Got a silver rune of Zot
 98352 | Vaults:5 | Upgraded the game from 0.17-a0-725-gfa8c127 to 0.17-a0-744-gaa96792
 98827 | Crypt:1  | Entered Level 1 of the Crypt
100003 | Crypt:1  | Identified Khufu's Disquisition on Dark Secrets (You found it on level 1 of the Crypt)
100712 | Crypt:1  | Learned a level 5 spell: Dispel Undead
101099 | Crypt:2  | Noticed Saint Roka
101130 | Crypt:2  | Killed Saint Roka
101166 | Crypt:2  | Killed the ghostly Saint Roka
101726 | Crypt:3  | Entered Level 3 of the Crypt
101939 | Crypt:3  | Found a basalt altar of Yredelemnul.
102397 | Crypt:3  | Reached skill level 10 in Charms
102422 | Crypt:3  | Got a twisted scale mail
102433 | Crypt:3  | Identified the +5 scale mail "Cecsimibren" {rElec rPois Str-3 Int+4} (You found it on level 3 of the Crypt)
102618 | Crypt:3  | Noticed Jory
102619 | Crypt:3  | Found a staircase to the Tomb.
102646 | Crypt:3  | Killed Jory
103194 | Crypt:3  | Got a twitching lapis lazuli ring
103196 | Crypt:3  | Identified the ring "Ohasiung" {Int+4 Stlth+} (You found it on level 3 of the Crypt)
103258 | Crypt:3  | Identified the Tome of Evil
103594 | Crypt:3  | Got a faintly glowing leather armour
103605 | Crypt:3  | Identified the +3 leather armour of Yredelemnul's Hatred {rC- rN+ Slay+2} (You found it on level 3 of the Crypt)
105251 | Hell     | Reached skill level 10 in Translocations
105638 | Hell     | Found a gateway to the ashen valley of Gehenna.
105733 | Geh:1    | Entered Level 1 of Gehenna
106641 | Vaults:1 | Bought a scroll of holy word for 105 gold pieces
106641 | Vaults:1 | Bought a scroll of holy word for 105 gold pieces
107132 | Tomb:1   | Entered Level 1 of the Tomb of the Ancients
108374 | Zot:1    | Entered Level 1 of the Realm of Zot
112818 | Zot:2    | Reached skill level 27 in Dodging
113289 | Zot:2    | Noticed an orb of fire
113298 | Zot:2    | Gained mutation: Armour fits poorly on your strangely shaped body. [an orb of fire]
113336 | Zot:2    | Lost mutation: Armour fits poorly on your strangely shaped body. [potion of cure mutation]
113336 | Zot:2    | Lost mutation: You can spit weak poison. [potion of cure mutation]
113336 | Zot:2    | Lost mutation: You are robust (+10% HP). [potion of cure mutation]
113783 | Zot:2    | Killed an orb of fire
114756 | Zot:3    | Noticed an orb of fire
114767 | Zot:3    | Killed an orb of fire
114767 | Zot:3    | Reached skill level 15 in Short Blades
116575 | Zot:4    | Reached skill level 1 in Necromancy
117541 | Zot:5    | Entered Level 5 of the Realm of Zot
119128 | Snake:5  | Upgraded the game from 0.17-a0-744-gaa96792 to 0.17-a0-755-g4391640
120386 | Depths:1 | Voluntarily entered the Abyss.
120786 | Abyss:1  | Gained mutation: You are clumsy. (Dex -2) [a neqoxec]
120787 | Abyss:1  | Gained mutation: You are very clumsy. (Dex -4) [a neqoxec]
120796 | Abyss:1  | Gained mutation: You occasionally shout uncontrollably at your foes. [a neqoxec]
120797 | Abyss:1  | Gained mutation: You heal slowly when monsters are visible. [a neqoxec]
120804 | Abyss:1  | Gained mutation: You expend magic power (3 MP) to strengthen your wands. [a neqoxec]
120935 | Abyss:1  | Paralysed by accursed screaming for 1 turns
121693 | Abyss:1  | Upgraded the game from 0.17-a0-755-g4391640 to 0.17-a0-776-gd86b262
121877 | Abyss:1  | Gained mutation: You can breathe flames. [potion of beneficial mutation]
121880 | Abyss:1  | Lost mutation: You can breathe flames. [potion of cure mutation]
121880 | Abyss:1  | Lost mutation: You expend magic power (3 MP) to strengthen your wands. [potion of cure mutation]
121880 | Abyss:1  | Lost mutation: You occasionally shout uncontrollably at your foes. [potion of cure mutation]
122024 | Abyss:1  | Found a shattered altar of Ashenzari.
122110 | Abyss:1  | Gained mutation: Your muscles are strong. (Str +2) [a neqoxec]
122133 | Abyss:1  | Found a shattered altar of Ashenzari.
123004 | Abyss:1  | Reached skill level 27 in Fighting
123120 | Depths:1 | Escaped the Abyss
123606 | Zot:2    | Learned a level 2 spell: Slow
123918 | Zot:5    | Learned a level 5 spell: Summon Forest
124106 | Zot:5    | Learned a level 4 spell: Control Teleport
124111 | Zot:5    | Learned a level 4 spell: Force Lance
125167 | Zot:5    | Noticed an orb of fire
125272 | Zot:5    | Noticed an orb of fire
125275 | Zot:5    | Killed an orb of fire
125275 | Zot:5    | HP: 3/199 [shadow dragon/bolt of negative energy (50)]
125288 | Zot:5    | Noticed an orb of fire
125288 | Zot:5    | Noticed an orb of fire
125289 | Zot:5    | HP: 7/199 [orb of fire/fireball (13)]
125292 | Zot:5    | Noticed an orb of fire
125297 | Zot:5    | Noticed an orb of fire
125297 | Zot:5    | Noticed an ancient lich
125483 | Zot:5    | Killed an orb of fire
126590 | Zot:5    | Killed an orb of fire
126629 | Zot:5    | Gained mutation: Armour fits poorly on your strangely shaped body. [an orb of fire]
126649 | Zot:5    | Gained mutation: You have a pair of small horns on your head. [an orb of fire]
126659 | Zot:5    | Killed an orb of fire
127375 | Zot:5    | Gained mutation: Scrolls take you a little longer to read. [an orb of fire]
127402 | Zot:5    | Killed an orb of fire
127764 | Zot:5    | Got the Orb of Zot
127848 | Zot:5    | Killed an ancient lich
128049 | Zot:1    | Noticed Byluge the pandemonium lord
128212 | Depths:5 | Noticed a seraph
128426 | Depths:1 | Killed from afar by a daeva

Action                   |  1- 3 |  4- 6 |  7- 9 | 10-12 | 13-15 | 16-18 | 19-21 | 22-24 | 25-27 || total
-------------------------+-------+-------+-------+-------+-------+-------+-------+-------+-------++-------
Melee: Dagger            |   100 |   210 |   579 |  1370 |  1098 |       |       |       |       ||  3357
       Quick blade       |       |       |       |       |  2277 |   171 |       |       |       ||  2448
       Rapier            |       |       |       |       |       |  2264 |  2122 |  2207 | 10562 || 17155
       Blowgun           |       |       |       |       |       |    17 |       |       |       ||    17
 Fire: Blowgun           |     2 |    31 |    69 |   271 |   206 |   153 |   107 |   138 |   162 ||  1139
Throw: Throwing net      |       |       |       |     2 |     1 |       |       |     1 |     2 ||     6
 Cast: Shroud of Golubri |       |       |       |     5 |     5 |     2 |     7 |     2 |    44 ||    65
       Summon Butterflie |       |       |       |     1 |       |       |     1 |     1 |     1 ||     4
       Stoneskin         |       |       |       |       |       |       |       |       |     3 ||     3
       Blink             |       |       |       |       |       |       |       |       |    20 ||    20
       Phase Shift       |       |       |       |       |       |       |       |       |    79 ||    79
       Regeneration      |       |       |       |       |       |       |       |       |    60 ||    60
       Haste             |       |       |       |       |       |       |       |       |    15 ||    15
       Silence           |       |       |       |       |       |       |       |       |     7 ||     7
       Invisibility      |       |       |       |       |       |       |       |       |     6 ||     6
       Mephitic Cloud    |       |       |       |       |       |       |       |       |     2 ||     2
       Flight            |       |       |       |       |       |       |       |       |     1 ||     1
       Passage of Golubr |       |       |       |       |       |       |       |       |     1 ||     1
Invok: Shadow Step       |       |       |       |       |     6 |    12 |    14 |    21 |    56 ||   109
 Abil: Evoke Invisibilit |       |       |       |       |       |     4 |     2 |     4 |       ||    10
       Spit Poison       |       |       |       |       |       |       |       |       |     1 ||     1
Evoke: Wand              |       |       |     4 |     5 |     4 |    13 |     8 |     1 |    36 ||    71
       Sack of spiders   |       |       |       |       |    14 |       |       |       |    17 ||    31
       Disc of storms    |       |       |       |       |     2 |       |     1 |       |     5 ||     8
       Deck              |       |       |       |       |       |     1 |     1 |     2 |       ||     4
       Stone of tremors  |       |       |       |       |       |       |     3 |       |    12 ||    15
       Fan of gales      |       |       |       |       |       |       |       |       |     2 ||     2
       Horn of Geryon    |       |       |       |       |       |       |       |       |     1 ||     1
  Use: Scroll            |       |     7 |    12 |    19 |    26 |    23 |    12 |    12 |    60 ||   171
       Potion            |       |     2 |     3 |     9 |    17 |     4 |     7 |     7 |    31 ||    80
 Stab: Sleeping          |     5 |    15 |    47 |    93 |   141 |    92 |   104 |   187 |   365 ||  1049
       Distracted        |       |     2 |     6 |     6 |    46 |    30 |    35 |    28 |   139 ||   292
       Held in net/web   |       |       |       |     2 |     1 |       |       |     1 |     2 ||     6
       Paralysed         |       |       |       |       |     3 |       |       |       |       ||     3
       Invisible         |       |       |       |       |       |    21 |     4 |       |    33 ||    58
       Confused          |       |       |       |       |       |     1 |       |       |       ||     1
       Petrified         |       |       |       |       |       |     1 |       |       |       ||     1
  Eat: Chunk             |       |     7 |    21 |    33 |    51 |    63 |    38 |    49 |   169 ||   431
       Beef jerky        |       |       |       |       |     3 |       |       |       |     1 ||     4
       Meat ration       |       |       |       |       |       |       |     1 |       |     9 ||    10
       Royal jelly       |       |       |       |       |       |       |       |       |     1 ||     1
